 Dungeon Crawl Stone Soup version 0.28-a0-390-gb254ac4902 (webtiles) character file.

Game seed: 14118514253986577391

6 Spaninq the Ducker (level 1, -1/11 HPs)
             Began as a Spriggan Berserker on Sept 3, 2021.
             Was a Follower of Trog.
             Frozen to death by an endoplasm (5 damage)
             ... on level 1 of the Dungeon.
             The game lasted 00:00:43 (311 turns).

Spaninq the Ducker (Spriggan Berserker)              Turns: 311, Time: 00:00:44

Health: -1/11      AC:  2    Str: 13    XL:     1   Next: 75%
Magic:  2/2        EV: 18    Int:  8    God:    Trog [*.....]
Gold:   34         SH:  0    Dex: 14    Spells: 0/0 levels left

rFire   . . .      SeeInvis +   a - +0 short sword
rCold   . . .      Faith    .   (shield restricted)
rNeg    . . .      Spirit   .   b - +0 animal skin
rPois   .          Reflect  .   (helmet restricted)
rElec   .          Harm     .   (no cloak)
rCorr   .          Rampage  .   (gloves unavailable)
Will    .....                   (boots unavailable)
Stlth   +.........              (no amulet)
HPRegen 0.03/turn               (no ring)
MPRegen 0.08/turn               (no ring)

@: very quick
A: very small, no large weapons, unfitting armour, see invisible, speed 3
a: Renounce Religion, Berserk


You were on level 1 of the Dungeon.
You worshipped Trog.
Trog was aware of your devotion.
You visited 1 branch of the dungeon, and saw 1 of its levels.

You collected 34 gold pieces.

Inventory:

Hand Weapons
 a - a +0 short sword (weapon)
Armour
 b - a +0 animal skin (worn)
Potions
 c - a potion of curing {unknown}
 d - a potion of mutation {unknown}


   Skills:
 + Level 2.5 Fighting
 * Level 3.5 Short Blades
 + Level 4.1 Dodging


You couldn't memorise any spells.
You didn't know any spells.
Your spell library was empty.

Dungeon Overview and Level Annotations

Branches:
Dungeon (1/15)

Altars:

Shops:
D:1 (


Innate Abilities, Weirdness & Mutations

You are very small and have problems with some larger weapons.
You are too small for most types of armour.
You have supernaturally acute eyesight. (SInv)
You cover ground extremely quickly. (Speed+++)


Message History

A bat comes into view.
Found 16 sling bullets.
Found 9 gold pieces.
The bat closely misses you. The bat misses you.
You hit the bat.
The bat is severely wounded.
The bat misses you.
Found Relaaj's Antique Weapon Shop.
You completely miss the bat.
The bat is moderately wounded.
The bat hits you but does no damage.
An endoplasm comes into view.
The bat hits you.
You completely miss the bat.
The bat is moderately wounded.
The bat barely misses you. The bat misses you.
You closely miss the bat.
The bat is moderately wounded.
The bat closely misses you.
You hit the bat.
You kill the bat!
Trog accepts your kill.
You see here 9 gold pieces.
You now have 34 gold pieces (gained 9).
A dart slug comes into view.
The endoplasm freezes you.
You are frozen.
There is an abandoned shop here.
You hit the endoplasm.
The endoplasm is heavily wounded.
The endoplasm freezes you.
You are frozen.
The dart slug launches a dart at you. The slug dart misses you.
You hit the endoplasm.
The endoplasm is severely wounded.
The endoplasm freezes you.
You are frozen.
You die...

#.....(...........
#...............#. .
#...............#. ..
#...............#. ...
#...............#. ....
#.............†.#. .....
#...............#.
......#...............#.
.....∩J@.....###+#....##
.........####.........#
.....∩.∩+# .....#.###
......... .....#.#
......... .....#.#
....w..... ..........
########... .#### .....


You could see a dart slug and an endoplasm.

Vanquished Creatures
  3 goblins (D:1)
  2 bats (D:1)
  A frilled lizard (D:1)
6 creatures vanquished.

Notes
Turn   | Place    | Note
-------+----------+-------------------------------------------
     0 | D:1      | Spaninq the Spriggan Berserker began the quest for the Orb.
     0 | D:1      | Reached XP level 1. HP: 11/11 MP: 2/2
    36 | D:1      | Found a faded altar of an unknown god.
   299 | D:1      | Found Relaaj's Antique Weapon Shop.
   311 | D:1      | Frozen to death by an endoplasm

Illustrated notes

Levels and vault maps discovered:
D:1:      dpeg_arrival_renting, layout_basic, serial_shops,
          nicolae_shop_competitors_out_of_business, shapermc_ecumenical_altar_gd

Action                   || total
-------------------------++-------
Melee: Short sword       ||    17
Armor: Animal skin       ||     1
Dodge: Dodged            ||    14

Table legend: (Time is in decaauts)
 A = Elapsed time spent in this place.
 B = Non-inter-level travel time spent in this place.
 C = Inter-level travel time spent in this place.
 D = Time resting spent in this place.
 E = Time spent auto-exploring this place.
 F = Levels seen in this place.
 G = Mean time per level.
                   A        B        C        D        E       F      G
               +--------+--------+--------+--------+--------+-----+--------+
         Total |    196 |    196 |      0 |      0 |    154 |   1 |  196.0 |
       Dungeon |    196 |    196 |      0 |      0 |    154 |   1 |  196.0 |
               +--------+--------+--------+--------+--------+-----+--------+

Top non-repeatable levels by time:
     D:1: 196 daAuts
